 Dungeon Crawl Stone Soup version 0.21.1-1-g345015f (webtiles) character file.

3460 nightchill the Basher (level 9, -1/90 HPs)
             Began as a Deep Dwarf Fighter on Mar 20, 2018.
             Was a Follower of Makhleb.
             Slain by a two-headed ogre
             ... wielding a +0 giant spiked club
              (2 damage)
             ... on level 9 of the Dungeon on Mar 21, 2018.
             The game lasted 00:32:02 (6744 turns).

nightchill the Basher (Deep Dwarf Fighter)          Turns: 6744, Time: 00:32:03

Health: -1/90      AC:  9    Str: 23    XL:     9   Next: 78%
Magic:  17/17      EV: 13    Int:  9    God:    Makhleb [*.....]
Gold:   372        SH: 10    Dex: 12    Spells: 8/8 levels left

rFire    . . .     SeeInvis .   G - +1 whip (elec)
rCold    . . .     Gourm    .   c - +0 shield
rNeg     . . .     Faith    .   b - +0 scale mail
rPois    .         Spirit   .   (no helmet)
rElec    .         Reflect  .   y - +1 cloak {+Inv}
rCorr    .         Harm     .   (no gloves)
MR       +....                  (no boots)
Stlth    ..........             (no amulet)
HPRegen  0.00/turn              D - ring of magical power
MPRegen  0.15/turn              E - +5 ring of evasion

@: non-regenerating
A: damage resistance, heal wounds, sense surroundings 2, no regeneration
a: Heal Wounds, Renounce Religion, Evoke Invisibility


You were on level 9 of the Dungeon.
You worshipped Makhleb.
Makhleb was aware of your devotion.
You were not hungry.

You visited 2 branches of the dungeon, and saw 10 of its levels.

You collected 372 gold pieces.

Inventory:

Hand Weapons
 a - a +0 flail
 t - a +3 flail
 G - a +1 whip of electrocution (weapon)
 H - a +1 flail of crushing
Missiles
 e - 210 stones (quivered)
 C - 3 tomahawks
Armour
 b - a +0 scale mail (worn)
 c - a +0 shield (worn)
 l - a cursed +0 leather armour
 y - a +1 cloak of invisibility (worn)
 F - the cursed +1 robe of Unreason {Slay+6, unknown}
   (You found it on level 6 of the Dungeon)

   It affects your accuracy and damage with ranged weapons and melee attacks
   (+6).
   It has a curse placed upon it.
Jewellery
 g - an uncursed ring of fire {unknown}
 D - a ring of magical power (left hand)
 E - a +5 ring of evasion (right hand)
 M - a +5 ring of intelligence {unknown}
Wands
 K - a wand of acid (2)
 L - a wand of paralysis (22)
Scrolls
 h - a scroll of teleportation
 j - a scroll of immolation
 n - 6 scrolls of remove curse
 q - a scroll of fog
 s - 3 scrolls of fear
 u - 4 scrolls of random uselessness
 B - 2 scrolls of blinking
Potions
 d - 2 potions of might
 i - 4 potions of flight
 k - a potion of degeneration
 m - 2 potions of haste
 o - a potion of lignification
 p - 6 potions of cancellation
 r - 3 potions of mutation
 v - a potion of resistance
 x - a potion of curing
 z - a potion of berserk rage
 A - a potion of heal wounds
Comestibles
 f - 16 rations


   Skills:
 + Level 8.3 Fighting
 + Level 8.8 Maces & Flails
 + Level 5.0 Armour
 - Level 1.0 Dodging
 + Level 5.2 Shields
 * Level 5.9 Invocations


You had 8 spell levels left.
You didn't know any spells.

Dungeon Overview and Level Annotations

Branches:
Dungeon (9/15)             Temple (1/1) D:5
   Lair: D:8-11         Orc: D:9-12

Altars:
Ashenzari
Dithmenos
Elyvilon
Hepliaklqana
Kikubaaqudgha
Makhleb
Nemelex Xobeh
Okawaru
Qazlal
Ru
Sif Muna
Trog
Uskayaw
Vehumet
Wu Jian
Xom
Yredelemnul
Zin
The Shining One

Shops:
D:8 *


Innate Abilities, Weirdness & Mutations

You are resistant to damage.
You can heal yourself by infusing magical energy.
You passively map the area around you.
You do not regenerate.


Message History

The two-headed ogre hits you with a giant spiked club!!
* * * LOW HITPOINT WARNING * * *
You closely miss the two-headed ogre. You hit the two-headed ogre.
The two-headed ogre is lightly wounded.
The two-headed ogre barely misses you. The two-headed ogre closely misses you.
You hit the two-headed ogre.
The two-headed ogre is lightly wounded.
You whack the two-headed ogre!
The two-headed ogre is moderately wounded.
The two-headed ogre hits you with a giant spiked club.
The two-headed ogre barely misses you.
You hit the two-headed ogre but do no damage.
Lightning courses through the two-headed ogre!
The two-headed ogre is severely wounded.
You whack the two-headed ogre!
The two-headed ogre is almost dead.
You block the two-headed ogre's attack.
The two-headed ogre hits you with a giant spiked club.
You die...

#+#,, * ##########
..#...+ ..........# .# ,
,,
..#...#...........#,.+,
,, ,
..#...#...........#..# ,
..#...+...........#..# ,
, ,
..#...#..............# ,
..#...#..............# ,
, '##...#..............#,
,, ......#.........@O...#
* ,
......#..........8......
,
......#.................
*,
......#####..8.8.8......,
*,
........................
#.....>...##............
,
#.........#.#..........#
* ,,
#...#######.#..........#
,, , #...# ,
..#.........,*,,,


You could see a two-headed ogre.

Vanquished Creatures
  Joseph (D:7)
  Prince Ribbit (D:7)
  A hornet (D:9)
  2 hippogriffs (D:7)
  A wyvern (D:8)
  A hungry ghost (D:8)
  Eustachio (D:6)
  Edmund (D:6)
  3 sky beasts
  An ogre (D:6)
  A phantom (D:5)
  The ghost of Verr the Ruffian, an amateur DrTm of Ru (D:4)
  2 bullfrogs
  2 scorpions
  A centaur zombie (D:6)
  3 crimson imps
  2 orc priests
  5 hounds
  A centaur skeleton (D:7)
  Jessica (D:3)
  4 iguanas
  5 worker ants
  3 orc wizards
  A worker ant zombie (D:7)
  7 gnolls
  14 adders
  3 shadow imps
  2 adder skeletons
  4 worms
  A dart slug (D:1)
  4 leopard geckos
  17 orcs
  4 giant cockroaches
  9 goblins
  9 hobgoblins
  6 jackals
  4 quokkas
  3 ball pythons
  17 bats
  8 frilled lizards
  A giant cockroach zombie (D:6)
  12 kobolds
  A leopard gecko skeleton (D:5)
  A quokka zombie (D:6)
  9 rats
181 creatures vanquished.

Notes
Turn   | Place    | Note
-------+----------+-------------------------------------------
     0 | D:1      | nightchill the Deep Dwarf Fighter began the quest for the Orb.
     0 | D:1      | Reached XP level 1. HP: 20/20 MP: 1/1
   188 | D:1      | Reached XP level 2. HP: 24/27 MP: 2/2
   636 | D:1      | Reached XP level 3. HP: 28/34 MP: 3/3
   954 | D:2      | Reached skill level 1 in Dodging
  1152 | D:2      | Reached XP level 4. HP: 22/42 MP: 4/4
  1676 | D:3      | Reached XP level 5. HP: 28/50 MP: 5/5
  1850 | D:3      | Found a shimmering altar of Xom.
  1877 | D:3      | Found a shimmering altar of Xom.
  1877 | D:3      | Found a shimmering altar of Xom.
  1886 | D:3      | Found a shimmering altar of Xom.
  1886 | D:3      | Found a shimmering altar of Xom.
  1886 | D:3      | Found a shimmering altar of Xom.
  1887 | D:3      | Found a shimmering altar of Xom.
  1887 | D:3      | Found a shimmering altar of Xom.
  1896 | D:3      | Noticed Jessica
  1907 | D:3      | Killed Jessica
  2174 | D:3      | Reached XP level 6. HP: 23/58 MP: 6/6
  2670 | D:4      | Noticed Verr's ghost (amateur DrTm)
  2702 | D:4      | Killed Verr's ghost
  2702 | D:4      | Reached skill level 5 in Fighting
  2702 | D:4      | Reached skill level 5 in Maces & Flails
  3162 | D:5      | Entered Level 5 of the Dungeon
  3195 | D:5      | HP: 3/61 [iguana (5)]
  3200 | D:5      | Reached XP level 7. HP: 31/67 MP: 5/5
  3488 | D:5      | Found a staircase to the Ecumenical Temple.
  3498 | Temple   | Entered the Ecumenical Temple
  3549 | Temple   | Became a worshipper of Makhleb the Destroyer
  4271 | D:6      | Noticed Eustachio
  4310 | D:6      | Killed Eustachio
  4310 | D:6      | Reached XP level 8. HP: 28/78 MP: 5/5
  4395 | D:6      | Noticed Edmund
  4423 | D:6      | Killed Edmund
  4792 | D:6      | Got a faintly glowing robe
  5470 | D:7      | Noticed Prince Ribbit
  5480 | D:7      | Killed Prince Ribbit
  5480 | D:7      | Reached * piety under Makhleb
  5577 | D:7      | Found a glowing golden altar of the Shining One.
  5618 | D:7      | Noticed a hippogriff
  5633 | D:7      | Killed a hippogriff
  5633 | D:7      | Reached skill level 1 in Invocations
  5633 | D:7      | Gained mutation: You passively map the area around you. [Deep Dwarf growth]
  5633 | D:7      | Reached XP level 9. HP: 27/88 MP: 7/7
  5761 | D:7      | Noticed Joseph
  5779 | D:7      | Killed Joseph
  6178 | D:8      | Found Yczir's General Store.
  6335 | D:8      | Found a glowing silver altar of Zin.
  6335 | D:8      | Noticed an angel
  6467 | D:8      | Reached skill level 5 in Invocations
  6550 | D:8      | Reached skill level 5 in Shields
  6714 | D:9      | Reached skill level 5 in Armour
  6731 | D:9      | Noticed a two-headed ogre
  6738 | D:9      | HP: 1/90 [two-headed ogre/giant spiked club (18)]
  6744 | D:9      | Slain by a two-headed ogre

Skill      XL: |  1  2  3  4  5  6  7  8  9 |
---------------+----------------------------+-----
Fighting       | 3 4 5 6 7 8 |  8.3
Dodging        | 1 |  1.0
Shields        | 4 5 |  5.2
Maces & Flails | 3 4 5 6 8 |  8.8
Invocations    | 1 5 |  5.9
Armour         | 5 |  5.0

Action                   |  1- 3 |  4- 6 |  7- 9 || total
-------------------------+-------+-------+-------++-------
Melee: Flail             |   176 |   284 |   164 ||   624
       Whip              |       |       |   284 ||   284
Throw: Stone             |     4 |     1 |     5 ||    10
 Abil: Heal Wounds       |       |     6 |    10 ||    16
       Evoke Invisibilit |       |       |     1 ||     1
  Use: Scroll            |     2 |       |    18 ||    20
  Eat: Chunk             |     1 |     7 |     9 ||    17
       Ration            |       |       |     2 ||     2
Armor: Scale mail        |   101 |   118 |   107 ||   326
Dodge: Dodged            |    69 |   110 |   137 ||   316
Block: Shield            |   123 |   183 |   145 ||   451
